 Dungeon Crawl Stone Soup version 0.25.1-8-g42b30a86e7 (webtiles) character file.

Game seed: 17011646141249589407

165 hawla the Conjurer (level 5, -2/57 HPs)
             Began as a Draconian Conjurer on Dec 7, 2020.
             Slain by an orc warrior
             ... wielding a +0 flail
              (6 damage)
             ... on level 3 of the Dungeon.
             The game lasted 00:07:18 (3484 turns).

hawla the Conjurer (Draconian Conjurer)             Turns: 3484, Time: 00:07:19

Health: -2/57      AC:  5    Str: 10    XL:     5   Next: 21%
Magic:  4/11       EV: 12    Int: 17    God:
Gold:   190        SH:  0    Dex: 11    Spells: 5/12 levels left

rFire    . . .     SeeInvis .   (no weapon)
rCold    . . .     Gourm    .   (no shield)
rNeg     . . .     Faith    .   (armour unavailable)
rPois    .         Spirit   .   (helmet restricted)
rElec    .         Reflect  .   (no cloak)
rCorr    .         Harm     .   (no gloves)
MR       .....                  (no boots)
Stlth    ..........             (no amulet)
HPRegen  0.19/turn              (no ring)
MPRegen  0.12/turn              (no ring)

@: berserking, flying, very slightly contaminated, very quick
A: unfitting armour, cold-blooded, AC +5
a: no special abilities


You were on level 3 of the Dungeon.
You were hungry.

You visited 1 branch of the dungeon, and saw 4 of its levels.

You collected 190 gold pieces.

Inventory:

Jewellery
 c - an uncursed amulet of guardian spirit {unknown}
Scrolls
 a - 2 scrolls of identify
 d - a scroll of magic mapping
 k - a scroll of noise {unknown}
 m - a scroll of blinking {unknown}
Potions
 g - a potion of brilliance {unknown}
 j - a potion of curing {unknown}
 l - a potion of heal wounds {unknown}
Comestibles
 b - 7 rations


   Skills:
 - Level 1.7 Dodging
 - Level 1.7 Stealth
 + Level 4.2 Spellcasting
 - Level 4.2 Conjurations
 * Level 2.3 Translocations


You had 5 spell levels left.
You knew the following spells:

 Your Spells              Type           Power        Failure   Level  Hunger
a - Magic Dart            Conj           ###.         2%          1    None
b - Searing Ray           Conj           ###...       4%          2    ##.....
c - Iskenderun's Mystic   Conj/Tloc      ##......     36%         4    ####...

Your spell library contained the following spells:

 Spells                   Type           Power        Failure   Level  Hunger
 Dazzling Flash           Conj/Hex       ##....       19%         3    ###....
 Fulminant Prism          Conj/Hex       ##........   54%         4    ####...


Dungeon Overview and Level Annotations

Branches:
Dungeon (4/15)
 Temple: D:4-7

Altars:

Annotations:
D:2 Sigmund


Innate Abilities, Weirdness & Mutations

Your plain brown scales are hard. (AC +5)
You cannot fit into any form of body armour.
You are cold-blooded and may be slowed by cold attacks.


Message History

* * * LOW HITPOINT WARNING * * *
You see here a +0 club.
You see here 2 stones.
As you read the scroll labeled SAIXIREEXE, it crumbles to dust.
The scroll dissolves into smoke.
It was a scroll of fog.
The orc hits you but does no damage.
It was a potion of flight.
You feel very buoyant.
You fly up into the air.
The orc closely misses you.
It was a potion of berserk rage.
A red film seems to cover your vision as you go berserk!
You feel yourself moving faster!
You feel mighty! The orc barely misses you.
The orc warrior hits you with a +0 flail.
* * * LOW HITPOINT WARNING * * *
You hit the orc.
You kill the orc!
You are feeling hungry.
You are no longer firmly anchored in space.
The orc warrior hits you with a +0 flail.
You die...

..#####..##.#.#########.#...##
..# #.###.#.#######
#......#### ..#
#....#).>.....###..........
..#
#..##.#§#####.........)....
..# #..##.#§# #####.#...#####
..#####..##.#§# #####.##.##
.........##.#§#####........#
#.#####.....§§§§....###.####
#.# #####.#§§o@.......# #.#
#.############# #.#########.#
#...........# #############


You could see an orc warrior.

Vanquished Creatures
  Terence (D:2)
  Robin (D:2)
  2 adders
  An ooze (D:2)
  A worm (D:2)
  5 dart slugs
  6 leopard geckos
  4 orcs (D:3)
  A ball python (D:1)
  3 giant cockroaches
  11 goblins
  8 hobgoblins
  8 jackals
  3 quokkas
  5 bats
  4 frilled lizards (D:2)
  5 kobolds
  6 rats
75 creatures vanquished.

Notes
Turn   | Place    | Note
-------+----------+-------------------------------------------
     0 | D:1      | hawla the Draconian Conjurer began the quest for the Orb.
     0 | D:1      | Reached XP level 1. HP: 14/14 MP: 3/3
   173 | D:1      | Reached XP level 2. HP: 20/20 MP: 3/5
   177 | D:1      | Learned a level 2 spell: Searing Ray
   730 | D:1      | Reached XP level 3. HP: 26/26 MP: 4/7
  1069 | D:2      | Noticed Terence
  1075 | D:2      | Killed Terence
  1155 | D:2      | Reached XP level 4. HP: 33/33 MP: 4/9
  1271 | D:2      | Learned a level 4 spell: Iskenderun's Mystic Blast
  1728 | D:2      | Noticed Robin
  1763 | D:2      | Reached skill level 1 in Translocations
  1768 | D:2      | Killed Robin
  2247 | D:2      | Noticed Sigmund
  2660 | D:3      | Reached XP level 5. HP: 38/38 MP: 8/11
  3399 | D:4      | Noticed an orc warrior
  3484 | D:3      | Slain by an orc warrior

Illustrated notes

Levels and vault maps discovered:
D:1:      lemuel_arrival_river_passageway, layout_rooms, kennysheep_boxes
D:2:      layout_basic, serial_corexii_hall, chequers_hall_statues_wall_a,
          chequers_hall_statues_corner_a, corexii_hall_statues_deadend,
          corexii_hall_statues_x, corexii_hall_statues_x,
          corexii_hall_statues_x, first_ration, minmay_pentomino_pile,
          uniq_sigmund, uniq_terence, uniq_robin
D:3:      layout_loops_ring
D:4:      layout_cave_pools, serial_shops, shop, minmay_lizard_king, uniq_ijyb

Skill      XL: |  1  2  3  4  5 |
---------------+----------------+-----
Spellcasting   | 3 4 |  4.2
Translocations | 1 2 |  2.3
Dodging        | |  1.7
Stealth        | |  1.7
Conjurations   | |  4.2

Action                   |  1- 3 |  4- 6 || total
-------------------------+-------+-------++-------
Melee: Unarmed           |     8 |     3 ||    11
       Tailslap          |     3 |       ||     3
 Cast: Magic Dart        |    36 |    46 ||    82
       Searing Ray       |     6 |    25 ||    31
       Iskenderun's Myst |       |     1 ||     1
  Use: Scroll            |     1 |     2 ||     3
       Potion            |       |     2 ||     2
  Eat: Chunk             |     1 |     8 ||     9
Armor: Skin              |     8 |     8 ||    16
Dodge: Dodged            |    28 |    17 ||    45
